[Event "Team 45 45 League T26"]
[Site "Internet Chess Club"]
[Date "2005.04.17"]
[Round "5"]
[White "MrAnderssen"]
[Black "nir8888"]
[Result "1-0"]
[WhiteElo "1682"]
[BlackElo "1629"]
[TimeControl "2700+45"]

1. e4 c6 2. d4 d5 3. exd5 cxd5 4. c4 Nc6 5. Nc3 dxc4 6. Nf3 Bg4 7. Bxc4 a6 8.
Bxf7+ Kxf7 9. Ng5+ Ke8 10. Qxg4 Qxd4 11. Qe2 Qe5 12. Be3 Rd8 13. Nf3 Qf5 14. O-O
Qd3 15. Qe1 Qf5 16. Rd1 Rxd1 17. Qxd1 Nf6 18. Qb3 Qc8 19. Rd1 e6 20. Ng5 Nd8 21.
Bb6 Be7 22. Bxd8 Bxd8 23. Nxe6 Be7 24. Nxg7+ Kf8 25. Ne6+ Ke8 26. Re1 Rg8 27.
Nd5 Nxd5 28. Qxd5 Qd7 29. Nc7+ {Black resigns} 1-0

[Event "Team 45 45 League T26"]
[Site "Internet Chess Club"]
[Date "2005.04.18"]
[Round "5"]
[White "Katzie"]
[Black "Pilgrim"]
[Result "0-1"]
[WhiteElo "1468"]
[BlackElo "1598"]
[TimeControl "2700+45"]

1. e3 Nf6 2. d4 e6 3. Nc3 Bb4 4. Bd2 Ne4 5. Nxe4 Bxd2+ 6. Qxd2 d5 7. Nc3 a6 8.
Nf3 Nd7 9. Bd3 c5 10. dxc5 Nxc5 11. O-O b5 12. Rad1 O-O 13. e4 b4 14. Nxd5 exd5
15. exd5 Nxd3 16. Qxd3 a5 17. Rfe1 Qf6 18. d6 Be6 19. b3 Rfd8 20. Ne5 Bf5 21.
Qd2 Rac8 22. Nc4 h6 23. Nb6 Rxc2 24. Nd5 Qb2 25. Qd4 Kh7 26. Qxb2 Rxb2 27. Ne7
Be6 28. Nc6 Rd7 29. Nxa5 Rxa2 30. Nc4 Bxc4 31. bxc4 Rc2 32. Rd4 b3 33. Rb1 b2
34. Rdd1 Rxd6 35. Re1 Rdd2 {White resigns} 0-1

[Event "Team 45 45 League T26"]
[Site "Internet Chess Club"]
[Date "2005.04.17"]
[Round "5"]
[White "hotzoddy"]
[Black "pumba"]
[Result "0-1"]
[WhiteElo "1334"]
[BlackElo "1457"]
[TimeControl "2700+45"]

1. e4 e6 2. Nc3 d5 3. Nf3 c5 4. d4 Nc6 5. Bb5 a6 6. Bxc6+ bxc6 7. O-O Qb6 8. b3
dxe4 9. Nxe4 cxd4 10. Qxd4 c5 11. Qc3 Bb7 12. Re1 Bxe4 13. Rxe4 Nf6 14. Re1 Be7
15. Bg5 O-O 16. Rab1 Qc7 17. Qd3 Rfd8 18. Qc4 Nd5 19. Bxe7 Qxe7 20. g3 Nf6 21.
Rbd1 Qc7 22. Rxd8+ Rxd8 23. Qxa6 Nd5 24. Qc4 Rc8 25. Kg2 Qb7 26. Re5 Qb4 27.
Qxb4 Nxb4 28. a3 Nxc2 29. b4 cxb4 30. axb4 Nxb4 31. Re4 Nd5 32. Ne5 Nf6 33. Rc4
Rxc4 34. Nxc4 Kf8 35. Kf3 h5 36. h3 g5 37. Ne5 Ke7 38. g4 h4 39. Ke3 Nd5+ 40.
Ke4 Nf4 41. Kf3 Nxh3 42. Kg2 Nf4+ 43. Kh2 f6 44. Nc6+ Kd6 45. Nd4 Kd5 46. Nf3
Ke4 47. Nd2+ Kd3 48. Nb3 f5 49. f3 Ke3 50. gxf5 exf5 51. Nc5 Kxf3 52. Nd7 Kf2
53. Nf6 g4 54. Nxg4+ fxg4 55. Kh1 h3 56. Kh2 g3+ 57. Kh1 g2+ {White resigns} 0-1

[Event "Team 45 45 League T26"]
[Site "Internet Chess Club"]
[Date "2005.04.16"]
[Round "5"]
[White "Tomate"]
[Black "Gomer"]
[Result "1-0"]
[WhiteElo "1396"]
[BlackElo "1327"]
[TimeControl "2700+45"]

1. e4 e5 2. f4 exf4 3. Bc4 Bc5 4. Nf3 Nf6 5. d4 Bb6 6. e5 d5 7. Bb3 Ne4 8. Bxf4
O-O 9. c3 c6 10. Nbd2 Nxd2 11. Qxd2 Bg4 12. O-O Bxf3 13. Rxf3 c5 14. Bh6 c4 15.
Bxg7 Kxg7 16. Rg3+ Kh8 17. Qh6 cxb3 18. Qg7# {Black checkmated} 1-0

[Event "Team 45 45 League T26"]
[Site "Internet Chess Club"]
[Date "2005.04.17"]
[Round "5"]
[White "WannaB"]
[Black "Dalcon"]
[Result "1-0"]
[WhiteElo "1145"]
[BlackElo "1167"]
[TimeControl "2700+45"]

1. e4 e5 2. Nf3 Nc6 3. d4 exd4 4. Bc4 h6 5. c3 dxc3 6. bxc3 g5 7. Bxf7+ Kxf7 8.
Qb3+ Ke8 9. O-O Qe7 10. Nbd2 d6 11. Nd4 Nxd4 12. cxd4 Qe6 13. d5 Qf7 14. Bb2 Rh7
15. Nf3 Bg7 16. e5 dxe5 17. Nxe5 Bxe5 18. Bxe5 Qd7 19. Rac1 Qd8 20. d6 Nf6 21.
dxc7 Qd5 22. Bxf6 Qxb3 23. axb3 Rd7 24. Rfe1+ Kf7 25. Be5 b6 26. Rc6 h5 27. Rf6+
Kg8 28. Rg6+ Kf7 29. Rxg5 Bb7 30. Rxh5 Rd5 31. Rh7+ Ke6 32. Bg3+ Kf6 33. Rh6+
Kg7 34. Bf4 Kf7 35. Rd6 Rxd6 36. Bxd6 Re8 37. Kf1 Ba6+ 38. Re2 Rxe2 39. c8=Q
Bxc8 40. Kxe2 Be6 41. b4 a5 42. bxa5 bxa5 43. Bc7 a4 44. Bd6 Bd7 45. g3 Ke6 46.
Bb4 Kd5 47. h4 Kc4 48. Be7 Kb3 49. Kf3 a3 50. h5 a2 51. Bf6 Be8 52. h6 Bg6 53.
g4 Kc4 54. Kf4 Kd5 55. g5 Ke6 56. Bh8 Bh7 57. Kg4 Kf7 58. f4 Kg6 59. f5+ Kf7 60.
g6+ Kg8 61. Bb2 Bxg6 62. fxg6 Kf8 63. Kh5 Kg8 64. h7+ Kf8 65. h8=Q+ Ke7 66. Kh6
Kd6 67. Qd8+ Kc5 68. g7 Kc4 69. g8=Q+ Kb4 70. Qxa2 {Black resigns} 1-0

[Event "Team 45 45 League T26"]
[Site "Internet Chess Club"]
[Date "2005.04.15"]
[Round "5"]
[White "GLuft"]
[Black "chessqueen83"]
[Result "1-0"]
[WhiteElo "1144"]
[BlackElo "1042"]
[TimeControl "2700+45"]

1. e4 Nc6 2. Nf3 e5 3. Bc4 Nf6 4. d3 Bc5 5. O-O O-O 6. c3 d5 7. Bb5 dxe4 8. Ng5
Bg4 9. Qd2 exd3 10. Bxd3 h6 11. Nxf7 Qd7 12. Nxh6+ Kh8 13. h3 Ne4 14. Bxe4 Qxd2
15. Bxd2 Be2 16. Rc1 Bxf2+ 17. Kh2 gxh6 18. Bxh6 Rf7 19. Rc2 Bh5 20. Bxc6 bxc6
21. Nd2 Rf6 22. Bg5 Rf5 23. Rf1 Bg3+ 24. Kh1 Bf4 25. Ne4 Be2 26. Rxe2 Raf8 27.
Ref2 Kg7 28. h4 Kg6 29. Be7 R8f7 30. Bc5 a6 31. Rf3 a5 32. a4 Kg7 33. b4 Kg6 34.
bxa5 Bh6 35. h5+ Rxh5+ 36. Kg1 Rhf5 37. Rxf5 Rxf5 38. Rxf5 Kxf5 39. Ng3+ Kg4 40.
Ne2 {Black resigns} 1-0

[Event "Team 45 45 League T26"]
[Site "Internet Chess Club"]
[Date "2005.04.17"]
[Round "5"]
[White "wojozim"]
[Black "houseofcook"]
[Result "0-1"]
[WhiteElo "1386"]
[BlackElo "1326"]
[TimeControl "2700+45"]

1. e4 e6 2. d3 d5 3. Nd2 c5 4. Ngf3 Nc6 5. g3 Bd6 6. Bg2 Nge7 7. O-O O-O 8. Re1
Bd7 9. e5 Nxe5 10. Nxe5 Nc6 11. Nxd7 Qxd7 12. Nf3 Rfe8 13. b3 Be7 14. Bb2 Qd8
15. Ne5 Nxe5 16. Rxe5 Bf6 17. Qg4 Bxe5 18. Bxe5 g6 19. Qf4 Rc8 20. Bf6 e5 21.
Qh4 Qd6 22. Bh3 Rc6 23. Bg5 f6 24. Bh6 b6 25. Qg4 Kh8 26. Qd7 Rg8 27. Qxa7 Rc7
28. Qa6 g5 29. Bf5 Qc6 30. g4 Ra8 31. Qxa8+ Qxa8 32. c4 d4 33. Be4 Qb8 34. h3 b5
35. Kg2 bxc4 36. bxc4 Qb2 37. Rf1 Qxa2 38. Kg3 Rc8 39. Rg1 Rb8 40. h4 Qd2 41.
hxg5 Qf4+ 42. Kh4 Qxf2+ 43. Rg3 fxg5+ 44. Bxg5 Rf8 45. Kh3 Kg7 46. Rg2 Qf1 47.
Kg3 Qe1+ 48. Kh2 Rf2 49. Rxf2 Qxf2+ 50. Kh3 Qf1+ 51. Bg2 Qxd3+ 52. Kh4 Qxc4 53.
Be4 Qe2 54. Bf5 Qh2# {White checkmated} 0-1

[Event "Team 45 45 League T26"]
[Site "Internet Chess Club"]
[Date "2005.04.17"]
[Round "5"]
[White "jerry813"]
[Black "sdcohle"]
[Result "0-1"]
[WhiteElo "1191"]
[BlackElo "1319"]
[TimeControl "2700+45"]

1. e4 c5 2. Nf3 d6 3. Nc3 Nf6 4. e5 dxe5 5. Nxe5 g6 6. Bb5+ Bd7 7. Nxf7 Kxf7 8.
Bc4+ Kg7 9. d4 e6 10. Bg5 Be7 11. dxc5 Bxc5 12. Ne4 Be7 13. Qd4 Rf8 14. O-O-O
Nc6 15. Bxf6+ Bxf6 16. Nxf6 Nxd4 17. Nxd7 Qxd7 18. c3 Qc6 19. Rxd4 Rxf2 20. Rg1
e5 21. Bd5 Qf6 22. Rdd1 Qg5+ 23. Kb1 Qf5+ 24. Ka1 Qc2 25. Rb1 Rd8 26. Bb3 Qd2
27. Rgd1 Qg5 28. h4 Qf6 29. g3 Rxd1 30. Bxd1 Rf1 31. Bc2 Rxb1+ 32. Bxb1 Qf1 33.
a3 Qg1 34. Ka2 Qxg3 35. Be4 b6 36. h5 gxh5 37. Bd5 h4 38. c4 h3 39. a4 h2 40. a5
bxa5 41. b3 Qd3 42. Ka3 e4 43. Ka4 h1=Q 44. Kxa5 Qa1+ 45. Kb5 Qxb3+ 46. Kc5 Qg1+
47. Kd6 Qbb6+ 48. Ke5 Qbd4+ 49. Kd6 Qg6+ 50. Kc7 Qdb6+ 51. Kd7 Qgd6+ {White
resigns} 0-1

[Event "Team 45 45 League T26"]
[Site "Internet Chess Club"]
[Date "2005.04.16"]
[Round "5"]
[White "chessterbaggins"]
[Black "BosqueVerde"]
[Result "0-1"]
[WhiteElo "1225"]
[BlackElo "1207"]
[TimeControl "2700+45"]

1. e4 e6 2. b3 d5 3. Bd3 c5 4. Ba3 d4 5. Qf3 e5 6. Ne2 Be7 7. Qh5 Nf6 8. Qxe5 b6
9. O-O O-O 10. Ng3 Nc6 11. Qg5 h6 12. Qf4 Bd6 13. Qf3 Ne5 14. Qe2 a5 15. c3 Bg4
16. cxd4 Bxe2 17. Bxe2 cxd4 18. Bxd6 Qxd6 19. d3 Rfc8 20. Nf5 Qc5 21. Nd2 Qa3
22. Nc4 Nxc4 23. dxc4 b5 24. Nxd4 Nxe4 25. cxb5 Rab8 26. Bg4 Rc7 27. h3 Nd2 28.
Rfe1 Re7 29. Rxe7 Qxe7 30. Nc6 Qf6 31. Nxb8 Qxa1+ 32. Kh2 Qe5+ 33. g3 Qxb8 34.
Be2 Ne4 35. a3 Nxf2 36. b4 Qb7 37. Kg1 Nxh3+ 38. Kf1 Qh1# {White checkmated} 0-1

[Event "Team 45 45 League T26"]
[Site "Internet Chess Club"]
[Date "2005.04.15"]
[Round "5"]
[White "EyeAm"]
[Black "Rojo"]
[Result "1/2-1/2"]
[WhiteElo "1217"]
[BlackElo "1179"]
[TimeControl "2700+45"]

1. e4 e5 2. Nf3 Nc6 3. Bc4 Bc5 4. c3 Nf6 5. d4 exd4 6. cxd4 Bb4+ 7. Bd2 Nxe4 8.
Bxb4 Nxb4 9. Bxf7+ Kxf7 10. Qb3+ d5 11. Qxb4 Re8 12. Ne5+ Kg8 13. O-O Nd6 14.
Nd2 b5 15. Qc3 Nf7 16. Nxf7 Kxf7 17. Qf3+ Qf6 18. Qxd5+ Be6 19. Qf3 Qxf3 20.
Nxf3 Bd5 21. Ne5+ Kg8 22. b3 c5 23. f4 cxd4 24. Rad1 Rac8 25. Rxd4 Bf7 26. Nxf7
Kxf7 27. Rd7+ Re7 28. Rxe7+ Kxe7 29. Re1+ Kf8 30. Re2 Rc1+ 31. Kf2 Rc7 32. h4
Kf7 33. Kf3 h5 34. b4 Rc3+ 35. Re3 Rc4 36. a3 Rc7 37. f5 Kf6 {Game drawn by
mutual agreement} 1/2-1/2

[Event "Team 45 45 League T26"]
[Site "Internet Chess Club"]
[Date "2005.04.15"]
[Round "5"]
[White "clarinetref"]
[Black "SeanT"]
[Result "1-0"]
[WhiteElo "1444"]
[BlackElo "1393"]
[TimeControl "2700+45"]

1. Nf3 Nf6 2. g3 g6 3. c4 d6 4. Bg2 Be6 5. b3 Bg7 6. Bb2 Qc8 7. Ng5 c6 8. Nxe6
Qxe6 9. O-O Nbd7 10. Re1 O-O 11. Nc3 Rfe8 12. a3 Rab8 13. Ra2 Ne5 14. d3 Qc8 15.
Qa1 Neg4 16. Ne4 c5 17. b4 b6 18. b5 Rd8 19. Bh3 e5 20. f3 Nxe4 21. dxe4 h5 22.
fxg4 hxg4 23. Bg2 Qe6 24. Qc1 Kh7 25. Rf1 Bh6 26. Qc2 Rh8 27. Bc1 Bxc1 28. Qxc1
Kg7 29. Bh1 Rh5 30. e3 Rf8 31. Raf2 Rfh8 32. a4 g5 33. Qc2 Kg8 34. Qd3 R8h7 35.
Qd5 Qg6 36. Qa8+ Kg7 37. Qxa7 Qh6 38. Qxf7+ Kh8 39. Qe8+ Kg7 40. Rf7+ Kg6 41.
R1f6# {Black checkmated} 1-0

[Event "Team 45 45 League T26"]
[Site "Internet Chess Club"]
[Date "2005.04.15"]
[Round "5"]
[White "slakkjaw"]
[Black "bluegrassplayer"]
[Result "1-0"]
[WhiteElo "1250"]
[BlackElo "1193"]
[TimeControl "2700+45"]

1. d4 Nf6 2. c4 g6 3. Nc3 Bg7 4. e4 O-O 5. Bd3 d6 6. d5 e6 7. Nf3 exd5 8. cxd5
Re8 9. O-O Bg4 10. Be3 c6 11. Bf4 cxd5 12. exd5 Nbd7 13. Bxd6 Nb6 14. Bb5 Qxd6
15. Bxe8 Rxe8 16. h3 Bf5 17. Nb5 Qxd5 18. Nc7 Qxd1 19. Raxd1 Re2 20. Nd4 Rxb2
21. Nxf5 gxf5 22. Rd8+ Bf8 23. a3 Kg7 24. Ra1 Ne4 25. f3 Bc5+ 26. Kh2 Ng5 27.
Nd5 Nxf3+ 28. Kg3 Ng5 29. Rf1 Rb3+ 30. Kh4 Kg6 31. Rg8+ Kh6 32. Rxf5 {Black
resigns} 1-0

[Event "Team 45 45 League T26"]
[Site "Internet Chess Club"]
[Date "2005.04.14"]
[Round "5"]
[White "DayDream01"]
[Black "Knight-Rookie"]
[Result "0-1"]
[WhiteElo "1041"]
[BlackElo "1355"]
[TimeControl "2700+45"]

1. d4 d5 2. c4 Nf6 3. Nf3 Bg4 4. e3 e6 5. Be2 Bxf3 6. Bxf3 c6 7. b3 Nbd7 8. Bb2
dxc4 9. bxc4 Qb6 10. Qc2 Be7 11. a3 c5 12. O-O O-O 13. Qc3 Bd6 14. Nd2 Qc7 15.
g3 Rac8 16. Ne4 cxd4 17. Qxd4 e5 18. Qxa7 Nxe4 19. Bxe4 Nc5 20. f3 Nxe4 21. fxe4
Bc5 22. Qa4 Bxe3+ 23. Kg2 Ra8 24. Qc2 Rad8 25. Rad1 b5 26. Rf3 Bd4 27. Rfd3 bxc4
28. R3d2 Bxb2 29. Rxd8 Rxd8 30. Rxd8+ Qxd8 31. Qxb2 f6 32. Qb4 Qd3 33. Qb8+ Kf7
34. Qb7+ Kg6 35. a4 c3 36. Qb3 Qd2+ 37. Kf1 c2 38. Qxc2 Qxc2 39. a5 Qxe4 40. Kf2
Qa4 {White resigns} 0-1

[Event "Team 45 45 League T26"]
[Site "Internet Chess Club"]
[Date "2005.04.17"]
[Round "5"]
[White "SpeedBlade"]
[Black "ATLfalcons"]
[Result "0-1"]
[WhiteElo "1473"]
[BlackElo "1741"]
[TimeControl "2700+45"]

1. e4 c6 2. d4 d5 3. e5 Bf5 4. Nf3 Qb6 5. Be2 Nd7 6. O-O e6 7. c3 c5 8. Nbd2
cxd4 9. Nxd4 Ne7 10. Bb5 Qc7 11. Qa4 a6 12. Bxd7+ Qxd7 13. Qxd7+ Kxd7 14. N2f3
Bg6 15. Bg5 h6 16. Bxe7 Bxe7 17. Rac1 b5 18. b3 Rhc8 19. Nd2 Ba3 20. c4 Bxc1 21.
Rxc1 bxc4 22. bxc4 Bd3 23. c5 Bb5 24. Nxb5 axb5 25. c6+ Rxc6 {White resigns} 0-1

[Event "Team 45 45 League T26"]
[Site "Internet Chess Club"]
[Date "2005.04.19"]
[Round "5"]
[White "claymil"]
[Black "Mr-Patzer2u"]
[Result "1-0"]
[WhiteElo "1661"]
[BlackElo "1276"]
[TimeControl "2700+45"]

1. c4 e5 2. Nc3 c6 3. g3 d5 4. cxd5 cxd5 5. e3 e4 6. Bg2 Nf6 7. h3 Be6 8. Nge2
Qd7 9. Nf4 Bd6 10. Nxe6 Qxe6 11. O-O Nc6 12. a3 O-O 13. d3 Rfe8 14. dxe4 Nxe4
15. Qxd5 Nxc3 16. bxc3 Qxd5 17. Bxd5 Rad8 18. Bg2 Be5 19. Bb2 Rd2 20. Rab1 Red8
21. Ba1 Rc2 22. Rxb7 Na5 {Black resigns} 1-0

[Event "Team 45 45 League T26"]
[Site "Internet Chess Club"]
[Date "2005.04.18"]
[Round "5"]
[White "john-beebs"]
[Black "alaskauk"]
[Result "0-1"]
[WhiteElo "1508"]
[BlackElo "1490"]
[TimeControl "2700+45"]

1. e4 c5 2. Nf3 Nc6 3. Nc3 g6 4. d4 cxd4 5. Nxd4 Bg7 6. Be3 d6 7. Bc4 Nf6 8. h3
a6 9. Qf3 Ne5 10. Qe2 Nxc4 11. Qxc4 O-O 12. Nf3 Bd7 13. O-O Bc6 14. Nd2 Rc8 15.
Qd3 Nd7 16. Bd4 Ne5 17. Qe3 Nd7 18. Bxg7 Kxg7 19. Rfe1 e5 20. Nf3 f6 21. h4 Qe7
22. g4 Qf7 23. Kh2 Nc5 24. Ng1 Ne6 25. Nh3 Bd7 26. Ne2 Nc5 27. f3 Be6 28. Kg3
Rc6 29. f4 Rfc8 30. f5 Bd7 31. g5 b5 32. gxf6+ Qxf6 33. Rf1 Nxe4+ 34. Qxe4 Rc4
35. Qd3 Qxh4+ 36. Kh2 Rxc2 37. Rf2 R8c4 38. Qxd6 Bxf5 39. Qxe5+ Kh6 40. Qe3+ Kg7
41. Rg1 Re4 42. Qf3 Rcxe2 43. Qxf5 Rxf2+ 44. Qxf2 Qxf2+ 45. Nxf2 Re2 46. Kg3
Rxb2 47. a3 Ra2 48. Ne4 Rxa3+ 49. Kf4 b4 50. Nd2 b3 51. Rg3 Ra4+ 52. Ke3 b2 53.
Ke2 Ra1 54. Rb3 Ra2 55. Kd3 h5 56. Kc2 b1=Q+ 57. Kxb1 Rxd2 58. Ra3 Rd6 59. Kc2
g5 60. Rb3 Kg6 61. Kc3 h4 62. Kc4 g4 63. Re3 h3 64. Kc5 Rf6 65. Re4 Kg5 66. Re2
g3 67. Re3 Kg4 68. Re8 Rf5+ 69. Kd4 h2 70. Ke3 h1=Q 71. Re4+ Kg5 {White resigns}
0-1

[Event "Team 45 45 League T26"]
[Site "Internet Chess Club"]
[Date "2005.04.16"]
[Round "5"]
[White "mogwop"]
[Black "DynamoKyiv"]
[Result "0-1"]
[WhiteElo "1405"]
[BlackElo "1515"]
[TimeControl "2700+45"]

1. d4 f5 2. Nf3 Nf6 3. e3 g6 4. Bd3 Bg7 5. O-O d6 6. Nbd2 O-O 7. c3 Qe8 8. e4 f4
9. h3 e5 10. dxe5 dxe5 11. Bc4+ Kh8 12. Qb3 Nc6 13. Ng5 Nd8 14. Ngf3 Nf7 15. Qc2
h6 16. Bb3 g5 17. Nh2 h5 18. f3 Nh6 19. Rd1 g4 20. hxg4 hxg4 21. Nc4 Qh5 22. Bd2
gxf3 23. gxf3 Bh3 24. Be1 Qg5+ 25. Kh1 Nh5 26. Qe2 Ng3+ 27. Bxg3 fxg3 {White
resigns} 0-1

[Event "Team 45 45 League T26"]
[Site "Internet Chess Club"]
[Date "2005.04.16"]
[Round "5"]
[White "GhostMate"]
[Black "Bthoven"]
[Result "1-0"]
[WhiteElo "1680"]
[BlackElo "1552"]
[TimeControl "2700+45"]

1. e4 c5 2. Nf3 Nc6 3. Bb5 g6 4. c3 Bg7 5. O-O a6 6. Ba4 b5 7. Bc2 e6 8. d4 cxd4
9. cxd4 Nge7 10. e5 O-O 11. Bg5 d5 12. Nc3 Bb7 13. a3 Rc8 14. Qd2 Qc7 15. Bf6
Nf5 16. Bxf5 exf5 17. Nxd5 Qb8 18. Rac1 Ba8 19. Rxc6 Rxc6 20. Ne7+ Kh8 21. Nxc6
Bxc6 22. Qh6 {Black resigns} 1-0

[Event "Team 45 45 League T26"]
[Site "Internet Chess Club"]
[Date "2005.04.15"]
[Round "5"]
[White "Lmcl"]
[Black "KirkB"]
[Result "0-1"]
[WhiteElo "1617"]
[BlackElo "1616"]
[TimeControl "2700+45"]

1. e4 c5 2. Nf3 Nc6 3. d4 cxd4 4. Nxd4 g6 5. Be3 Bg7 6. Nc3 Nf6 7. Bd3 O-O 8. f4
d5 9. e5 Ng4 10. Qd2 Nxe3 11. Qxe3 Qb6 12. Nce2 Bg4 13. c3 Qxb2 14. O-O Qb6 15.
Ng3 Rac8 16. h3 Bd7 17. f5 Bxe5 18. Nge2 Nxd4 19. cxd4 Bg7 20. Kh1 e5 21. Qf3 e4
22. Bxe4 dxe4 23. Qxe4 Bxf5 24. Qf4 Qc6 25. Qg3 Rfe8 26. Rac1 Qd7 27. Rxc8 Rxc8
28. d5 Qxd5 29. Nf4 Qd6 30. Qe3 Bh6 31. a4 Bxf4 32. Rxf4 b6 33. h4 Qc5 34. Qf3
a6 35. h5 Qc6 36. Qg3 Bd7 37. h6 Qd6 38. Qg5 Bxa4 39. Rf1 Rc5 40. Qe3 Rh5+ 41.
Kg1 Qh2+ 42. Kf2 Rf5+ 43. Ke1 Re5 44. Rf3 Rxe3+ 45. Rxe3 Qg1+ {White resigns}
0-1

[Event "Team 45 45 League T26"]
[Site "Internet Chess Club"]
[Date "2005.04.17"]
[Round "5"]
[White "Mississippian"]
[Black "chicopee-ed"]
[Result "1-0"]
[WhiteElo "1376"]
[BlackElo "1558"]
[TimeControl "2700+45"]

1. e4 e6 2. Nf3 d5 3. e5 c5 4. d4 Nc6 5. Bb5 Bd7 6. Bxc6 Bxc6 7. O-O Qb6 8. c3
Ne7 9. Re1 Nf5 10. Na3 cxd4 11. cxd4 Bxa3 12. bxa3 O-O 13. Be3 Rfc8 14. Qb3 Qd8
15. Qd3 Qd7 16. Rab1 b6 17. Bd2 Bb7 18. g4 Ne7 19. Ng5 Ng6 20. Qh3 h6 21. Nf3
Qe7 22. Rb3 Rc2 23. Bb4 Qd8 24. Ree3 Rc1+ 25. Ne1 Rac8 26. Bd2 Rd1 27. Rb2 Ba6
28. g5 Qxg5+ 29. Rg3 Qf5 30. Qxf5 exf5 31. Kg2 Rc4 32. Nf3 Ra4 33. Be3 Rxa3 34.
h4 f4 35. Rxg6 fxg6 36. Bxf4 Bc8 37. Nd2 Rc3 38. Nf3 Rdd3 39. Be3 Bg4 40. Kg3
Bxf3 41. Kxf3 Rxd4 42. Ke2 Rdc4 43. Rb5 Rxh4 44. Rxd5 Rc6 45. Rd6 Rc2+ 46. Kd3
Rc8 47. Rd7 Re8 48. Bd4 Rf4 49. Rxa7 Rxf2 50. Bxf2 Rxe5 51. Bxb6 Re1 52. Kd2 Re6
53. Bd4 Rd6 54. Kd3 Kf8 55. Kc4 h5 56. Bc5 h4 57. Bxd6+ Kg8 58. Be5 Kh7 59.
Rxg7+ Kh6 60. Kd3 h3 61. Ke3 h2 62. Bxh2 Kxg7 63. a4 {Black resigns} 1-0

[Event "Team 45 45 League T26"]
[Site "Internet Chess Club"]
[Date "2005.04.17"]
[Round "5"]
[White "billarvola"]
[Black "JSC"]
[Result "1-0"]
[WhiteElo "1979"]
[BlackElo "1869"]
[TimeControl "2700+45"]

1. e4 c6 2. d4 d5 3. exd5 cxd5 4. c4 Nf6 5. Nc3 e6 6. Nf3 Bb4 7. cxd5 Nxd5 8.
Bd2 O-O 9. Bd3 Nc6 10. O-O b6 11. a3 Be7 12. Nxd5 Qxd5 13. Qc2 h6 14. Be4 Nxd4
15. Nxd4 Qxd4 16. Bxa8 Ba6 17. Rfd1 Rxa8 18. Bb4 Qf6 19. Bxe7 Qxe7 20. Qa4 Be2
21. Qe4 {Black resigns} 1-0

[Event "Team 45 45 League T26"]
[Site "Internet Chess Club"]
[Date "2005.04.19"]
[Round "5"]
[White "vvsi"]
[Black "burnsja2003"]
[Result "1-0"]
[WhiteElo "1669"]
[BlackElo "1751"]
[TimeControl "2700+45"]

1. e4 c5 2. g3 e6 3. Bg2 d6 4. Nc3 Nc6 5. d3 Nf6 6. Be3 Be7 7. h3 O-O 8. a4 a6
9. Nge2 Rb8 10. f4 Qc7 11. O-O b6 12. g4 b5 13. axb5 axb5 14. Ng3 b4 15. Nce2
Qb6 16. g5 Ne8 17. h4 g6 18. h5 Ng7 19. hxg6 fxg6 20. Bh3 Qd8 21. Rf2 e5 22.
Bxc8 Rxc8 23. Qd2 exf4 24. Bxf4 Ne5 25. d4 cxd4 26. Nxd4 Ng4 27. Rff1 Qb6 28.
Kg2 Rc4 29. Ndf5 gxf5 30. Qd5+ Kh8 31. Qxc4 fxe4 32. Qxe4 Qd8 33. Rh1 Qa8 34.
Rxa8 {Black resigns} 1-0

[Event "Team 45 45 League T26"]
[Site "Internet Chess Club"]
[Date "2005.04.17"]
[Round "5"]
[White "allanchs"]
[Black "pork"]
[Result "0-1"]
[WhiteElo "1600"]
[BlackElo "1526"]
[TimeControl "2700+45"]

1. e4 e5 2. Nf3 Nc6 3. Bc4 Nf6 4. d3 Be7 5. O-O d6 6. h3 Na5 7. Bb3 Nxb3 8. axb3
O-O 9. Be3 b6 10. Nc3 Bb7 11. Nd2 d5 12. exd5 Nxd5 13. Nxd5 Qxd5 14. Nf3 Rfd8
15. Qe2 f6 16. Rfd1 c5 17. Kf1 a5 18. Ke1 Rd7 19. Kf1 Rad8 20. Ke1 Qe6 21. Kf1
Kh8 22. Ke1 Qc6 23. Kf1 Rg8 24. Ke1 Qe6 25. Kf1 Qf5 26. Nh4 Qe6 27. Nf3 g5 28.
Nh2 f5 29. Bd2 Bf6 30. Bc3 Re7 31. Re1 Rge8 32. Nf3 g4 33. hxg4 fxg4 34. Nd2 g3
35. fxg3 Bg7 36. Nf3 Rf8 37. Kg1 Qg4 38. Bxe5 Bxe5 39. Nxe5 Qxg3 40. Ra4 Rg7 41.
Rf1 Rxf1+ 42. Qxf1 Qxe5 43. Rf4 Rxg2+ {White resigns} 0-1

[Event "Team 45 45 League T26"]
[Site "Internet Chess Club"]
[Date "2005.04.15"]
[Round "5"]
[White "Triple-Xeon"]
[Black "alastorx"]
[Result "1-0"]
[WhiteElo "1902"]
[BlackElo "1800"]
[TimeControl "2700+45"]

1. e4 d5 2. exd5 Qxd5 3. Nc3 Qa5 4. d4 Nf6 5. Nf3 Nc6 6. Bd2 a6 7. Be2 Bg4 8.
O-O Qf5 9. a3 O-O-O 10. Be3 e5 11. d5 Bxf3 12. Bxf3 e4 13. Nxe4 h5 14. Nxf6 gxf6
15. dxc6 Rxd1 16. cxb7+ Kb8 17. Rfxd1 Bd6 18. Rd5 Qg6 19. Ra5 f5 20. Rd1 h4 21.
h3 Qe6 22. Kh1 Be5 23. Rad5 c6 24. Rxe5 Qxe5 25. Bd4 Qe8 26. Bxh8 Qxh8 27. Bxc6
Kc7 28. Bf3 Qxb2 29. c4 Qxa3 30. Rd7+ Kxd7 31. b8=Q Qc1+ 32. Kh2 Qxc4 33. Qe5
Qb4 34. Qxf5+ Ke7 35. Qe4+ Qxe4 36. Bxe4 Kd6 37. f4 a5 38. g4 {Black resigns}
1-0

[Event "Team 45 45 League T26"]
[Site "Internet Chess Club"]
[Date "2005.04.17"]
[Round "5"]
[White "NFK"]
[Black "sculley"]
[Result "0-1"]
[WhiteElo "1648"]
[BlackElo "1787"]
[TimeControl "2700+45"]

1. e4 d5 2. exd5 Nf6 3. d4 Bg4 4. f3 Bf5 5. c4 e6 6. dxe6 Nc6 7. exf7+ Kxf7 8.
d5 Bb4+ 9. Nc3 Re8+ 10. Be2 Ne5 11. Kf1 Nh5 12. g4 Qh4 13. Kg2 Bxc3 14. bxc3
Nxg4 15. fxg4 Be4+ 16. Nf3 Qxg4+ 17. Kf2 Bxf3 18. Bxf3 Qh4+ 19. Kg2 Re5 20.
Bxh5+ Rxh5 21. Qf3+ Kg8 22. Ba3 Rg5+ 23. Kf1 Qxc4+ 24. Kf2 Qh4+ 25. Ke2 Qc4+ 26.
Kd2 Rxd5+ 27. Kc1 Rd3 28. Qxb7 Rxc3+ 29. Kb2 Re8 30. Rhe1 Rc2+ {White resigns}
0-1

[Event "Team 45 45 League T26"]
[Site "Internet Chess Club"]
[Date "2005.04.16"]
[Round "5"]
[White "Thorin"]
[Black "Egmont"]
[Result "1-0"]
[WhiteElo "1840"]
[BlackElo "1647"]
[TimeControl "2700+45"]

1. e4 c5 2. Nf3 Nc6 3. d4 cxd4 4. Nxd4 g6 5. Nc3 Bg7 6. Be3 Nf6 7. Bc4 Qa5 8.
Nxc6 dxc6 9. O-O Qb4 10. Qd4 Nh5 11. Bxf7+ {Black resigns} 1-0

[Event "Team 45 45 League T26"]
[Site "Internet Chess Club"]
[Date "2005.04.17"]
[Round "5"]
[White "chinta"]
[Black "PackAttack"]
[Result "1-0"]
[WhiteElo "1606"]
[BlackElo "1699"]
[TimeControl "2700+45"]

1. e4 e6 2. c3 d5 3. exd5 exd5 4. d4 Bd6 5. Nf3 Ne7 6. Bg5 f6 7. Be3 Bg4 8. Be2
Qd7 9. Nh4 Bxe2 10. Qxe2 Nbc6 11. O-O O-O-O 12. b4 g5 13. Nf3 h5 14. a4 h4 15.
a5 g4 16. Nfd2 Bxh2+ 17. Kxh2 g3+ 18. fxg3 hxg3+ 19. Kxg3 Rdg8+ 20. Kf2 Rh2 21.
Rg1 Qh3 22. Qf3 Qh4+ 23. Kf1 Rg3 24. Qe2 Nf5 25. Nf3 Nxe3+ 26. Qxe3 Qg4 27. Nxh2
Qd1+ 28. Qe1 Qd3+ 29. Qe2 {Black resigns} 1-0

[Event "Team 45 45 League T26"]
[Site "Internet Chess Club"]
[Date "2005.04.17"]
[Round "5"]
[White "trikmamak"]
[Black "Ruger"]
[Result "1-0"]
[WhiteElo "2271"]
[BlackElo "2154"]
[TimeControl "2700+45"]

1. g3 g6 2. Bg2 Bg7 3. e4 e5 4. Ne2 c5 5. Nbc3 Nc6 6. d3 Nge7 7. O-O O-O 8. h3
d6 9. f4 f5 10. Kh2 Be6 11. Nd5 Qd7 12. c4 Rab8 13. a4 h6 14. Nec3 Nd4 15. Rb1
Nec6 16. Bd2 Kh7 17. b4 cxb4 18. Nxb4 fxe4 19. Nxe4 b6 20. Nxc6 Nxc6 21. Qb3 Nd4
22. Qa3 Nf5 23. a5 d5 24. cxd5 Bxd5 25. axb6 axb6 26. Qa6 Ba8 27. Qb5 Bc6 28.
Ng5+ hxg5 29. Bxc6 Qd4 30. fxg5 Ne3 31. Bxe3 Qxe3 32. h4 Rbd8 33. Rxf8 Bxf8 34.
Be4 Qf2+ 35. Kh3 Bc5 36. Qc6 Qf7 37. h5 Kg7 38. Qxg6+ Qxg6 39. Bxg6 Be3 40. Kg4
Rd4+ 41. Be4 Rd6 42. Ra1 b5 43. Ra8 b4 44. h6+ Kf7 45. h7 b3 46. h8=Q {Black
resigns} 1-0